 Dungeon Crawl Stone Soup version 0.21.1-1-g345015f (webtiles) character file.

6510 suicidejoker the Covert (level 11, -3/74 HPs)
             Began as an Octopode Assassin on Apr 16, 2018.
             Was an Initiate of Gozag.
             Engulfed by a steam dragon's steam (12 damage)
             ... on level 8 of the Dungeon.
             The game lasted 00:36:56 (11009 turns).

suicidejoker the Covert (Octopode Assassin)        Turns: 11009, Time: 00:36:56

Health: -3/74      AC:  1    Str: 13    XL:     11   Next: 0%
Magic:  23/23      EV: 14    Int: 15    God:    Gozag
Gold:   1081       SH: 18    Dex: 19    Spells: 23/26 levels left

rFire    . . .     SeeInvis +   a - +3 dagger
rCold    . . .     Gourm    .   v - +4 large shield
rNeg     . . .     Faith    .   (helmet restricted)
rPois    .         Spirit   .   (no amulet)
rElec    .         Reflect  .   o - +6 ring of dexterity
rCorr    +         Harm     .   i - ring of resist corrosion
MR       +....                  h - ring of see invisible
Stlth    ++++++....             A - ring of protection from magic
HPRegen  0.22/turn              F - ring of wizardry
MPRegen  0.18/turn              (no ring)
                                (no ring)
                                (no ring)

@: no status effects
A: almost no armour, stealthy swim, amphibious, 8 rings, constrict 8, camouflage
1, gelatinous body 1
a: Potion Petition, Call Merchant, Bribe Branch, Renounce Religion


You were on level 8 of the Dungeon.
You worshipped Gozag.
Gozag was most pleased with you.
You were very hungry.

You visited 1 branch of the dungeon, and saw 8 of its levels.
You also visited: Bailey.

You collected 1195 gold pieces.
You paid 114 gold pieces to Gozag.

Inventory:

Hand Weapons
 a - a +3 dagger (weapon)
 b - a +0 blowgun
 t - a +3 halberd
 y - a +1 mace of draining
 D - a +0 shortbow
 G - a +1 flail of holy wrath
 L - a cursed -2 halberd
 M - a +0 great mace
Missiles
 c - 7 poisoned needles
 j - 13 javelins of returning (quivered)
 m - 75 arrows
 n - 141 stones
 r - 15 bolts
 s - 122 sling bullets
 z - 19 tomahawks
Armour
 v - a +4 large shield (worn)
Magical Staves
 x - an uncursed staff of cold
Jewellery
 h - a ring of see invisible (on tentacle)
 i - a ring of resist corrosion (right tentacle)
 o - a +6 ring of dexterity (left tentacle)
 A - a ring of protection from magic (on tentacle)
 F - a ring of wizardry (on tentacle)
Scrolls
 e - 5 scrolls of identify
 g - 2 scrolls of random uselessness
 l - 3 scrolls of teleportation
 E - a scroll of remove curse
Potions
 p - 2 potions of brilliance
 H - a potion of resistance
Books
 k - a book of Cantrips

   Spells                             Type                      Level
   a - Confusing Touch                Hexes                        1
   b - Animate Skeleton               Necromancy                   1
   c - Summon Small Mammal            Summoning                    1
   d - Apportation                    Translocation                1
 q - the Papyrus of Creation and the Frostbite
   (You found it in a bailey)

   Spells                             Type                      Level
   a - Ensorcelled Hibernation        Hexes/Ice                    2
   b - Recall                         Summoning/Translocation      3
   c - Summon Mana Viper              Hexes/Summoning              5
   d - Summon Demon                   Summoning                    5
 u - a book of Maledictions

   Spells                             Type                      Level
   a - Corona                         Hexes                        1
   b - Ensorcelled Hibernation        Hexes/Ice                    2
   c - Confuse                        Hexes                        3
   d - Tukima's Dance                 Hexes                        3
   e - Dazzling Spray                 Conjuration/Hexes            3
 w - a book of Misfortune

   Spells                             Type                      Level
   a - Confusing Touch                Hexes                        1
   b - Confuse                        Hexes                        3
   c - Gell's Gravitas                Translocation                3
   d - Petrify                        Transmutation/Earth          4
   e - Metabolic Englaciation         Hexes/Ice                    5
   f - Yara's Violent Unravelling     Hexes/Transmutation          5
 J - a book of Geomancy

   Spells                             Type                      Level
   a - Sandblast                      Earth                        1
   b - Passwall                       Transmutation/Earth          2
   c - Stone Arrow                    Conjuration/Earth            3
   d - Petrify                        Transmutation/Earth          4
   e - Lee's Rapid Deconstruction     Earth                        5
Comestibles
 f - 15 rations


   Skills:
 + Level 6.7 Fighting
 + Level 6.6 Short Blades
 * Level 0.3 Staves
 * Level 2.3 Throwing
 + Level 6.3 Dodging
 + Level 10.6 Stealth
 + Level 5.9 Shields
 * Level 8.3 Spellcasting
 + Level 0.1 Hexes
 + Level 5.8 Translocations
 + Level 0.1 Ice Magic
 + Level 6.2 Evocations


You had 23 spell levels left.
You knew the following spells:

 Your Spells              Type           Power        Failure   Level  Hunger
a - Apportation           Tloc           ###...       4%          1    None
b - Ensorcelled Hibernat  Hex/Ice        #.....       58%         2    None


Dungeon Overview and Level Annotations

Branches:
Dungeon (8/15)             Temple (0/1) D:7
   Lair: D:8-11

Altars:
Elyvilon
Gozag
Kikubaaqudgha
Zin

Shops:
D:5 :   D:7 :   D:8 }


Innate Abilities, Weirdness & Mutations

You cannot wear most types of armour.
You are very stealthy in the water. (Stealth+)
You are amphibious.
You can wear up to eight rings at the same time.
You can use your tentacles to constrict eight enemies at once.
Your skin changes colour to match your surroundings (Stealth+).
Your rubbery body absorbs attacks. (AC +1, EV +1)


Message History

The steam dragon is severely wounded.
You block the steam dragon's attack. The steam dragon claws you.
You closely miss the steam dragon. You squeeze the steam dragon!
The steam dragon is almost dead.
You block the steam dragon's attack. x2
You hit the steam dragon but do no damage.
The steam dragon is almost dead.
The steam dragon breathes steam at you. The ball of steam hits you!
* * * LOW HITPOINT WARNING * * *
You closely miss the steam dragon.
The steam dragon is almost dead.
You are engulfed in a cloud of scalding steam.
* * * LOW HITPOINT WARNING * * *
You are engulfed in a cloud of scalding steam.
* * * LOW HITPOINT WARNING * * *
You see here 17 gold pieces.
You are engulfed in a cloud of scalding steam.
You die...
Your body crumbles into a pile of gold.

####.#*,* #...###.#
#######.#*,* ##### #.#
#......#.>.#*****### #.#
#..####.#......,,..# #.###
#..# *.##.####*##.###***#....
#..# *.#*.# #....,,,,#####
#..# *.#*,# #.$#****,# #..#
#.##.######..# ***.#** #..#
#......@§§#..##*,..,,* #..#
####.####§#...##.#**,** #..#
*,* #.O....[.# *,,* #..# *,*
#...#.##.###..* #..#
*,***#.<)%.........*
#..#######........#.#.##.##.*
#......[...####......)#*,#*,*
#..#######**####..#.#.#,,,*,*
#.## ######...(.......,,,,**


There were no monsters in sight!

Vanquished Creatures
  A two-headed ogre (D:7)
  A hippogriff (D:8)
  4 hogs (D:8)
  A wyvern (D:8)
  A human (D:8)
  A hungry ghost (D:7)
  13 orc warriors
  3 ice beasts (D:7)
  2 phantoms
  2 black bears (D:6)
  10 centaurs
  An ogre (D:5)
  3 bullfrogs
  2 scorpions
  2 crimson imps
  3 hounds
  An orc priest (D:6)
  A jelly (D:7)
  10 orc wizards
  A centaur skeleton (D:4)
  2 iguanas
  A worker ant (D:4)
  The ghost of suicidejoker the Sneak, a weakling OpAs (D:3)
  2 hound zombies (D:7)
  10 adders
  6 shadow imps
  An adder zombie (D:5)
  2 adder skeletons
  A worm (D:4)
  12 leopard geckos
  49 orcs
  A ball python (D:6)
  9 bats
  A bat zombie (D:6)
  A giant cockroach (D:2)
  9 hobgoblins
  10 jackals
  4 kobolds
  A quokka (D:7)
  7 frilled lizards
  A giant cockroach zombie (D:6)
  10 goblins
  13 rats
  3 rat zombies (D:6)
220 creatures vanquished.

Notes
Turn   | Place    | Note
-------+----------+-------------------------------------------
     0 | D:1      | suicidejoker the Octopode Assassin began the quest for the Orb.
     0 | D:1      | Reached XP level 1. HP: 14/14 MP: 1/1
   154 | D:1      | Reached XP level 2. HP: 19/19 MP: 1/3
   252 | D:1      | Reached skill level 1 in Spellcasting
   564 | D:2      | Reached XP level 3. HP: 19/25 MP: 3/5
  1124 | D:2      | Reached XP level 4. HP: 27/30 MP: 6/6
  1825 | D:3      | Noticed suicidejoker's ghost (weakling OpAs)
  1840 | D:3      | Killed suicidejoker's ghost
  1907 | D:3      | Reached skill level 6 in Stealth
  1907 | D:3      | Reached XP level 5. HP: 33/36 MP: 8/8
  2577 | D:3      | Reached XP level 6. HP: 42/42 MP: 10/10
  2619 | D:3      | Found a white marble altar of Elyvilon.
  3192 | D:4      | Learned a level 1 spell: Apportation
  3201 | D:4      | Reached skill level 5 in Fighting
  3201 | D:4      | Reached skill level 5 in Short Blades
  3201 | D:4      | Reached skill level 8 in Stealth
  3201 | D:4      | Reached XP level 7. HP: 50/50 MP: 10/16
  3202 | D:4      | Reached skill level 5 in Dodging
  3202 | D:4      | Reached skill level 9 in Stealth
  3202 | D:4      | Reached skill level 5 in Shields
  3202 | D:4      | Reached skill level 5 in Translocations
  3202 | D:4      | Reached skill level 5 in Evocations
  3202 | D:4      | Reached XP level 8. HP: 57/57 MP: 11/19
  4459 | D:5      | Entered Level 5 of the Dungeon
  4463 | D:5      | Found Celecrut's Book Shop.
  5678 | D:6      | Identified a scroll of acquirement
  5706 | D:6      | Reached XP level 9. HP: 50/62 MP: 20/20
  6338 | D:6      | Found an opulent altar of Gozag.
  6348 | D:6      | Became a worshipper of Gozag Ym Sagoz the Greedy
  6666 | D:6      | Found an ancient bone altar of Kikubaaqudgha.
  6833 | D:7      | Found Fuczui's Book Shoppe.
  6900 | D:7      | Reached skill level 10 in Stealth
  7200 | D:7      | Found a staircase to the Ecumenical Temple.
  7218 | D:7      | Noticed a two-headed ogre
  7227 | D:7      | Killed a two-headed ogre
  7391 | D:7      | Reached XP level 10. HP: 69/69 MP: 21/21
  7782 | D:7      | Found a glowing silver altar of Zin.
  7954 | D:8      | Found Liefam's Gadget Shop.
  8324 | D:8      | Found a flagged portal.
  8326 | D:8      | Noticed a two-headed ogre
  8335 | Bailey   | Entered a bailey
 10093 | Bailey   | Learned a level 2 spell: Ensorcelled Hibernation
 10428 | Bailey   | Identified the Papyrus of Creation and the Frostbite
 10791 | Bailey   | Reached XP level 11. HP: 56/74 MP: 23/23
 11009 | D:8      | Engulfed by a steam dragon's steam

Skill      XL: |  1  2  3  4  5  6  7  8  9 10 |
---------------+-------------------------------+-----
Spellcasting   | 1 2 6 7 8 |  8.3
Dodging        | 2 4 5 6 |  6.3
Stealth        | 6 8 9 10 | 10.6
Fighting       | 3 5 6 |  6.7
Short Blades   | 5 6 |  6.6
Shields        | 4 5 |  5.9
Translocations | 3 5 |  5.8
Evocations     | 4 5 6 |  6.2
Staves         | |  0.3
Throwing       | |  2.3
Hexes          | |  0.1
Ice Magic      | |  0.1

Action                   |  1- 3 |  4- 6 |  7- 9 | 10-12 || total
-------------------------+-------+-------+-------+-------++-------
Melee: Dagger            |    55 |    92 |   256 |   294 ||   697
       Constrict         |    10 |    19 |    59 |    46 ||   134
       Tentacles         |     6 |    15 |    82 |   123 ||   226
       Staff             |       |       |       |    27 ||    27
 Fire: Blowgun           |       |       |       |    14 ||    14
Throw: Stone             |     4 |    28 |   126 |    41 ||   199
       Javelin           |       |       |       |    37 ||    37
Invok: Potion Petition   |       |       |       |     1 ||     1
Evoke: Wand              |       |       |    14 |    21 ||    35
  Use: Potion            |       |     3 |     3 |     7 ||    13
       Scroll            |       |     9 |     8 |     7 ||    24
 Stab: Sleeping          |    10 |    11 |    12 |     5 ||    38
       Distracted        |       |       |     1 |     3 ||     4
  Eat: Chunk             |       |     7 |    10 |       ||    17
       Ration            |       |       |     1 |     3 ||     4
Armor: Skin              |     2 |     5 |     5 |     4 ||    16
Dodge: Dodged            |    22 |    37 |    77 |   108 ||   244
Block: Large shield      |       |    35 |   129 |   296 ||   460
